15+ stuarts and other tanks with 3 17 pounders

Match 13094231
End
Panzergrenadier Squad
Selects Armored Suppot Battlegroup
Panzergrenadier Squad
250 Light Carrier
Construct Light Support Kompanie
Combat Half-tracks
Grenade Package
MG34 Team
Fire Support Elements
Panzerjäger Mechanized Group
le.IG 18 Support Gun Team
Veteran Squad Leaders
Selects Veteran Gunners
Selects Salvage Kits
2.5-tonne Medical Truck
Selects Panzer Storm
Construct Panzerarmee Kommand
Panzer III L Medium Tank
Vehicle Survival Package
Armored Reserves
Flak 36 Anti-tank Gun Team
Selects Stuka Anti-tank Loiter
Stuka Anti-tank Loiter
Panzer IV Assault Group
Panzer Storm
Panzerpioneer Squad
Selects Flammpanzer III Medium Tank Sd.Kfz. 141
Tiger Heavy Tank
Stuka Anti-tank Loiter
Selects Battlefield Salvage
2.5-tonne Medical Truck
Stuka Anti-tank Loiter
Tiger Heavy Tank
Panzer Storm
Para_Dilshan
Derek
Tiroskull
perfect
pakiko88
Yaas
我呆了呆
Hao Wei
0
0

Comments sign in to comment!

NorthWeapon almost 2 years ago

Nothing better than beating a stuart abuser